 Dungeon Crawl Stone Soup version 0.31-a0-844-gdc52ec4e09 (webtiles) character file.

Game seed: 2489678644464020331

5 pop123321pop the Ruffian (level 1, -3/22 HPs)
             Began as a Troll Monk on Sept 30, 2023.
             Slain by a kobold
             ... wielding a +0 mace
              (6 damage)
             ... on level 1 of the Dungeon.
             The game lasted 00:00:38 (364 turns).

pop123321pop the Ruffian (Troll Monk)                Turns: 364, Time: 00:00:39

Health: -3/22      AC:  4    Str: 18    XL:     1   Next: 66%
Magic:  0/0        EV: 10    Int:  6    God:
Gold:   0          SH:  0    Dex: 12    Spells: 0/0 levels left

rFire   . .          .
                       - Unarmed
rCold   . . .        c - orb {light}
rNeg    . . .        a - +0 robe
rPois   .            (helmet restricted)
rElec   .            (no cloak)
rCorr   .            (gloves unavailable)
SInv    .            (boots unavailable)
Will    .....        (no amulet)
Stlth   +            (no ring)
HPRegen 1.03/turn    (no ring)
MPRegen 0.07/turn

%: no passive effects
@: glowing
A: large, unfitting armour, claws 3, regeneration 1, shaggy fur 1, tough skin 1
a: no special abilities


You were on level 1 of the Dungeon.
You visited 1 branch of the dungeon, and saw 1 of its levels.

Inventory:

Armour
 a - a +0 robe (worn)
 c - an orb of light (worn)
Scrolls
 d - a scroll of identify {unknown}


   Skills:
 - Level 2.4 Fighting
 - Level 2.4 Dodging
 + Level 3.4 Unarmed Combat


You couldn't memorise any spells.
You didn't know any spells.
Your spell library was empty.

Dungeon Overview and Level Annotations

Branches:
Dungeon (1/15)

Altars:


Innate Abilities, Weirdness & Mutations

You are too large for most types of armour.
You have claws for hands.
Your natural rate of healing is unusually fast.
You are covered in fur. (AC +1)
You have tough skin. (AC +1)


Message History

The rat closely misses you. The bat closely misses you.
The bat hits you but does no damage. The rat barely misses you.
The bat hits you. The rat bites you. The rat closely misses you.
The bat hits you but does no damage. The bat hits you.
The rat barely misses you. The bat hits you but does no damage.
The rat barely misses you. The rat bites you. The bat closely misses you.
The bat closely misses you. The rat closely misses you.
The kobold shouts!
The rat closely misses you. The bat hits you.
The bat hits you but does no damage. The rat bites you but does no damage.
The bat barely misses you. The rat bites you.
The bat hits you but does no damage. The rat barely misses you.
The rat misses you. The bat hits you but does no damage.
The bat barely misses you. The rat closely misses you.
The kobold hits you with a +0 mace. The bat barely misses you.
The rat barely misses you. The kobold hits you with a +0 mace!
The bat hits you but does no damage. The rat bites you.
The kobold hits you with a +0 mace. The rat closely misses you.
The kobold hits you with a +0 mace. The bat barely misses you.
The bat closely misses you. The rat bites you. The kobold barely misses you.
The rat misses you. The kobold hits you with a +0 mace.
* * * LOW HITPOINT WARNING * * *
The bat misses you. The bat hits you but does no damage.
The rat barely misses you. The kobold barely misses you.
The bat barely misses you. The rat misses you.
The kobold hits you but does no damage. The bat closely misses you.
The rat bites you but does no damage. The kobold hits you with a +0 mace.
* * * LOW HITPOINT WARNING * * *
The bat hits you but does no damage. The rat closely misses you.
The kobold barely misses you. The bat hits you but does no damage.
The rat closely misses you. The kobold hits you with a +0 mace.
* * * LOW HITPOINT WARNING * * *
The rat closely misses you. The kobold hits you with a +0 mace.
You die...

# # .# #. .# .# ####.####.
.# ......... .# #....## #.#
##.@K## #.# ..#.rb..####.#
#............#
###.....###..#
################ #..#
####...........#### #..#
##...#####'#####...###..##
..#####≈≈≈≈≈≈§#####..##..##
### #≈≈≈.....§≈≈# ###.##..#


You could see a bat, a kobold and a rat.

Vanquished Creatures
  An endoplasm (D:1)
  A goblin (D:1)
  2 hobgoblins (D:1)
4 creatures vanquished.

Notes
Turn   | Place    | Note
-------+----------+-------------------------------------------
     0 | D:1      | pop123321pop the Troll Monk began the quest for the Orb.
     0 | D:1      | Reached XP level 1. HP: 22/22 MP: 0/0
   364 | D:1      | Slain by a kobold

Illustrated notes

Levels and vault maps discovered:
D:1:      dpeg_arrival_morbid_curiosity, layout_loops_ring,
          minmay_misc_feat_ornament

Action                     || total
---------------------------++-------
  Melee: Unarmed           ||     8
    Use: Potion            ||     1
 Armour: Robe              ||   214
  Dodge: Dodged            ||   191

Table legend: (Time is in decaauts)
 A = Elapsed time spent in this place.
 B = Non-inter-level travel time spent in this place.
 C = Inter-level travel time spent in this place.
 D = Time resting spent in this place.
 E = Time spent auto-exploring this place.
 F = Levels seen in this place.
 G = Mean time per level.
                   A        B        C        D        E       F      G
               +--------+--------+--------+--------+--------+-----+--------+
         Total |    363 |    363 |      0 |      0 |    107 |   1 |  363.0 |
       Dungeon |    363 |    363 |      0 |      0 |    107 |   1 |  363.0 |
               +--------+--------+--------+--------+--------+-----+--------+

Top non-repeatable levels by time:
     D:1: 363 daAuts
